 Dungeon Crawl Stone Soup version 0.31-a0-845-g9abc20d24f (webtiles) character file.

Game seed: 16225018295283324680

30494 GigaChad the Cleaver (level 13, -5/103 HPs) *EXPLORE*
             Began as a Formicid Fighter on Sept 29, 2023.
             Was an Initiate of Gozag.
             Slain by a death yak (14 damage)
             ... on level 2 of the Lair of Beasts on Oct 2, 2023.
             The game lasted 00:24:14 (14423 turns).

GigaChad the Cleaver (Formicid Fighter)            Turns: 14423, Time: 00:24:15

Health: -5/103     AC: 16    Str: 34    XL:     13   Next: 89%
Magic:  15/16      EV:  8    Int: 15    God:    Gozag
Gold:   2344       SH: 12    Dex: 13    Spells: 16/16 levels left

rFire   . . .        x - +5 battleaxe (freeze)
rCold   . . .        O - +1 kite shield {reflect}
rNeg    . . .        U - +0 plate armour
rPois   .            (helmet unavailable)
rElec   +            Y - +0 cloak
rCorr   +            (no gloves)
SInv    +            (no boots)
Will    +....        R - amulet of regeneration Stlth
                     N - ring of Eternal Night {rElec rCorr Str+3 Int+6}
HPRegen 1.17/turn    g - +6 ring of strength
MPRegen 0.15/turn

%: reflection
@: gold aura, studying Earth Magic
A: permanent stasis, dig shafts and tunnels, antennae 3, four strong arms
a: Dig, Shaft Self, Renounce Religion, Potion Petition, Call Merchant, Bribe
Branch


You were on level 2 of the Lair of Beasts.
You worshipped Gozag.
Gozag was most pleased with you.
You visited 4 branches of the dungeon, and saw 16 of its levels.
You visited the Abyss 1 time.

You collected 4567 gold pieces.
You spent 1604 gold pieces at shops.
You paid 619 gold pieces to Gozag.

Inventory:

Hand Weapons
 a - a +0 war axe
 e - a -1 demon whip of venom
 x - a +5 battleaxe of freezing (weapon)
 C - a +2 demon trident of venom
 H - a +2 heavy dire flail
 I - a +0 broad axe
 V - a +0 heavy war axe
Missiles
 K - 3 throwing nets
Armour
 O - a +1 kite shield of reflection (worn)
 U - a +0 plate armour (worn)
 Y - a +0 cloak (worn)
Magical Staves
 L - the staff "Jellybane" {rElec rC- Str+6 Stlth+ Air Poison}
   (You took it off a gnoll on level 8 of the Dungeon)

   [staff of air]

   Base accuracy: +5 Base damage: 5 Base attack delay: 1.2 This weapon's minimum
   attack delay (0.6) is reached at skill level 12.
   Str+6:     It affects your strength (+6).
   rC-:       It makes you vulnerable to cold.
   rElec:     It insulates you from electricity.
   Stlth+:    It makes you more stealthy.
   Air:       It increases the power of your Air spells.
   Poison:    It increases the power of your Poison spells.
   It falls into the 'Staves' category.
   It is a weapon for one hand-pair.
Jewellery
 g - a +6 ring of strength (right hand)
 v - a ring of willpower
 F - a ring of protection from cold
 N - the ring of Eternal Night (left hand) {rElec rCorr Str+3 Int+6}
   (You took it off a gnoll bouda on level 8 of the Dungeon)

   [ring of intelligence]

   Str+3:     It affects your strength (+3).
   Int+6:     It affects your intelligence (+6).
   rElec:     It insulates you from electricity.
   rCorr:     It protects you from acid and corrosion.
 Q - a ring of protection from cold
 R - an amulet of regeneration (around neck)
 X - a ring of poison resistance
Talismans
 u - a maw talisman
 E - a flux talisman
 T - a blade talisman
Wands
 c - a wand of iceblast (4)
 r - a wand of flame (55)
 A - a wand of polymorph (8)
 D - a wand of acid (14)
 M - a wand of paralysis (7)
 Z - a wand of digging (3)
Scrolls
 b - a scroll of identify
 h - 2 scrolls of blinking
 i - 2 scrolls of amnesia
 j - 3 scrolls of revelation
 q - 9 scrolls of teleportation
 y - 2 scrolls of butterflies
 J - a scroll of immolation
 W - a scroll of fear
Potions
 d - a potion of might
 f - 2 potions of berserk rage
 k - a potion of haste
 l - 4 potions of heal wounds
 m - 2 potions of enlightenment
 o - a potion of brilliance
 p - 4 potions of curing
 s - 2 potions of invisibility
 t - a potion of attraction
 w - a potion of resistance
 z - 4 potions of cancellation
 G - a potion of degeneration {unknown}
 P - 3 potions of mutation {unknown}
 S - 2 potions of ambrosia {unknown}


   Skills:
 * Level 10.2 Fighting
 * Level 14.6(15.0) Axes
 * Level 5.4(10.9) Maces & Flails
 * Level 10.6 Armour
 * Level 9.4 Stealth
 * Level 10.5 Shields
 * Level 2.0 Spellcasting
 * Level 3.4 Earth Magic
 * Level 1.8 Shapeshifting


You had 16 spell levels left.
You didn't know any spells.
Your spell library contained the following spells:

 Spells                   Type           Power      Damage    Failure   Level
 Foxfire                  Conj/Fire      4%         2x1d4     88%         1
 Lesser Beckoning         Tloc           2%         N/A       95%         2
 Gell's Gravitas          Tloc           1%         N/A       99%         3
 Teleport Other           Tloc           1%         N/A       99%         3
 Arcjolt                  Conj/Air       0%         1d10      100%        5
 Summon Forest            Summ/Tloc      0%         N/A       100%        5
 Summon Mana Viper        Hex/Summ       1%         N/A       100%        5
 Plasma Beam              Fire/Air       0%         2x1d10    100%        6
 Starburst                Conj/Fire      0%         6d3       100%        6
 Summon Cactus Giant      Summ           0%         N/A       100%        6
 Vhi's Electric Charge    Tloc/Air       Unusable   N/A       N/A         4

Dungeon Overview and Level Annotations

Branches:
Dungeon (11/15)            Temple (1/1) D:5            Lair (2/5) D:8
    Orc (2/2) D:9             Elf (0/3) Orc:2
  Swamp: Lair:2-3    Shoals: Lair:2-3     Snake: Lair:2-3    Spider: Lair:2-3

Altars:
Ashenzari
Cheibriados
Dithmenos
Elyvilon
Fedhas
Gozag
Hepliaklqana
Kikubaaqudgha
Makhleb
Nemelex Xobeh
Okawaru
Qazlal
Ru
Sif Muna
Trog
Uskayaw
Vehumet
Wu Jian
Xom
Yredelemnul
Zin
The Shining One

Shops:
D:3 *   D:9 [(   Orc:2 !?:=?


Innate Abilities, Weirdness & Mutations

You cannot be hasted, slowed, berserked, paralysed or teleported.
You can dig through walls and to a lower floor.
You have a pair of large antennae on your head. (SInv)
Your four strong arms can wield two-handed weapons with a shield.


Message History

You hit the death yak but do no damage.
The death yak is no longer distracted by gold.
The death yak is lightly wounded.
You barely miss the yak. You slash the death yak! You freeze the death yak.
You slice the yak!! You freeze the yak! You hit the death yak.
You freeze the death yak.
The death yak is no longer distracted by gold.
You slash the yak! You freeze the yak.
You kill the yak!
The death yak gores you but does no damage.
The death yak barely misses you. The yak gores you.
* * * LOW HITPOINT WARNING * * *
The yak gores you.
* * * LOW HITPOINT WARNING * * *
The death yak is distracted by your dazzling golden aura.
The death yak bellows!
You barely miss the death yak.
The death yak is lightly wounded.
You hit the yak but do no damage. You hit the death yak.
You freeze the death yak. You barely miss the yak. You hit the death yak.
You freeze the death yak.
The death yak is no longer distracted by gold.
The death yak is distracted by your dazzling golden aura.
The yak gores you!
* * * LOW HITPOINT WARNING * * *
The death yak is distracted by your dazzling golden aura.
The yak gores you but does no damage.
The death yak gores you but does no damage.
The death yak bellows! x2
You slash the death yak! You freeze the death yak.
The death yak is no longer distracted by gold.
The death yak is moderately wounded.
You slice the death yak!! You freeze the death yak! You slash the yak!
You freeze the yak. You barely miss the death yak.
The death yak is no longer distracted by gold.
You slice the yak!! You freeze the yak.
You kill the yak!
You block the death yak's attack. The death yak gores you!
You die...
Your body crumbles into a pile of gold.

.. , . ..... ,Y..
..... #### ##...
.....##..####.....
................<.
........$YYY......
.........$@Y......
.........##$##....
..^ .......<$.####
.
..#...####.##$..#
..?... # #..##
..#..# #..#
.....## ##.#
..#...# #..##
.....## ###..#


You could see 3 death yaks and a yak.

Vanquished Creatures
  A boulder beetle (Lair:1)
  2 two-headed ogres
  3 orc high priests (Orc:2)
  5 death yaks (Lair:2)
  Urug (Orc:1)
  Amaemon (Lair:1)
  The ghost of beavisfan the Insei, a novice DsSh of Gozag (D:8)
  5 orc knights
  Pikel (D:4)
  A bunyip skeleton (Abyss:1)
  A cyclops (Orc:2)
  9 orc sorcerers
  3 black mambas (Lair:1)
  A gargoyle (D:7)
  A cane toad (Lair:1)
  An unseen horror (D:11)
  An orange demon (Lair:1)
  3 komodo dragons
  2 trolls
  3 blink frogs (Lair:1)
  Sigmund (D:5)
  A shadow (D:10)
  4 wyverns
  23 yaks
  A steam dragon (D:8)
  2 wargs (Orc:1)
  4 water moccasins
  3 acid dragons
  A naga skeleton (Abyss:1)
  2 sky beasts (D:7)
  15 orc warriors
  A black bear (D:7)
  4 ogres
  An ice beast (D:7)
  5 wolves (Lair:2)
  3 centaurs
  A phantom (D:5)
  3 kobold brigands
  3 gnoll sergeants (D:8)
  3 scorpions (D:8)
  7 bullfrogs
  8 wights
  9 killer bees
  8 howler monkeys
  An electric eel (Lair:1)
  2 hounds
  A gnoll bouda (D:8)
  6 orc priests
  3 iguanas
  8 starcursed masses (Abyss:1)
  Terence (D:2)
  21 orc wizards
  3 sleepcaps
  5 hell rats (Lair:1)
  7 gnolls (D:8)
  7 adders
  A shadow imp (D:5)
  A white imp (D:8)
  An ufetubus (D:6)
  2 dart slugs
  62 orcs
  8 ball pythons
  6 bats
  6 endoplasms
  4 giant cockroaches
  5 goblins
  7 hobgoblins
  4 jackals (D:1)
  24 kobolds
  2 quokkas
  3 frilled lizards
  4 rats (D:2)
364 creatures vanquished.

Vanquished Creatures (others)
  An orc priest (Orc:2)
1 creature vanquished.

Grand Total: 365 creatures vanquished

Notes
Turn   | Place    | Note
-------+----------+-------------------------------------------
     0 | D:1      | GigaChad the Formicid Fighter began the quest for the Orb.
     0 | D:1      | Reached XP level 1. HP: 18/18 MP: 1/1
     0 | D:1      | Upgraded the game from 0.31-a0-844-gdc52ec4e09 to
                  | 0.31-a0-845-g9abc20d24f
    31 | D:1      | Entered explore mode.
   125 | D:1      | Reached XP level 2. HP: 24/24 MP: 2/2
   474 | D:1      | Reached XP level 3. HP: 29/29 MP: 3/3
   981 | D:2      | Noticed Terence
   993 | D:2      | Killed Terence
   994 | D:2      | Reached XP level 4. HP: 26/36 MP: 4/4
  1230 | D:2      | Reached skill level 3 in Axes
  1245 | D:2      | Reached skill level 1 in Stealth
  1782 | D:3      | Reached XP level 5. HP: 3/42 MP: 5/5
  1783 | D:3      | Slain by an orc
                  | ... wielding a +0 trident
                  | (6 damage)
  1792 | D:3      | Slain by an orc
                  | ... wielding a +0 trident
                  | (3 damage)
  1993 | D:3      | Found a stormy altar of Qazlal.
  2176 | D:3      | Found Jurubem's General Store.
  2184 | D:3      | Bought a +0 battleaxe for 91 gold pieces
  2431 | D:4      | HP: 1/42 [poisoned by an adder]
  2431 | D:4      | Slain by an orc
                  | ... wielding a +0 club
                  | (1 damage)
  2655 | D:4      | Reached skill level 4 in Axes
  2655 | D:4      | Reached XP level 6. HP: 48/48 MP: 6/6
  2717 | D:4      | Noticed an acid dragon
  2722 | D:4      | Killed an acid dragon
  2723 | D:4      | Reached skill level 5 in Shields
  2970 | D:4      | Found a snail-covered altar of Cheibriados.
  3056 | D:4      | Noticed Pikel
  3068 | D:4      | Killed Pikel
  3069 | D:4      | Reached skill level 5 in Axes
  3069 | D:4      | Reached skill level 5 in Armour
  3069 | D:4      | Reached XP level 7. HP: 40/55 MP: 7/7
  3069 | D:4      | Reached XP level 8. HP: 45/61 MP: 8/8
  3399 | D:5      | Entered Level 5 of the Dungeon
  3587 | D:5      | Reached skill level 6 in Axes
  3610 | D:5      | Found a staircase to the Ecumenical Temple.
  3628 | Temple   | Entered the Ecumenical Temple
  3687 | Temple   | Became a worshipper of Gozag Ym Sagoz the Greedy
  3736 | D:5      | Noticed Sigmund
  3749 | Abyss:1  | Cast into level 1 of the Abyss (Sigmund)
  3759 | Abyss:1  | Noticed a starcursed mass
  3761 | Abyss:1  | Killed from afar by a starcursed mass (10 damage)
                  | ... with an accursed screaming
  3767 | Abyss:1  | Slain by a starcursed mass (8 damage)
  3776 | Abyss:1  | HP: 2/61 [starcursed mass (6)]
  3777 | Abyss:1  | Killed from afar by a starcursed mass (16 damage)
                  | ... with an accursed screaming
  3780 | Abyss:1  | Killed a starcursed mass
  3782 | Abyss:1  | Killed a starcursed mass
  3782 | Abyss:1  | Killed a starcursed mass
  3782 | Abyss:1  | Killed a starcursed mass
  3783 | Abyss:1  | Reached skill level 5 in Fighting
  3785 | Abyss:1  | Killed a starcursed mass
  3787 | Abyss:1  | Killed from afar by a starcursed mass (9 damage)
                  | ... with an accursed screaming
  3788 | Abyss:1  | Killed a starcursed mass
  3790 | Abyss:1  | Killed from afar by a starcursed mass (5 damage)
                  | ... with an accursed screaming
  3794 | Abyss:1  | Killed a starcursed mass
  3795 | Abyss:1  | Reached skill level 7 in Axes
  3796 | Abyss:1  | Killed from afar by a starcursed mass (6 damage)
                  | ... with an accursed screaming
  3797 | Abyss:1  | Killed a starcursed mass
  3798 | Abyss:1  | Reached XP level 9. HP: 7/68 MP: 9/9
  3798 | Abyss:1  | HP: 1/68 [harpy skeleton[a necromancer] (7)]
  3798 | Abyss:1  | Mangled by a harpy skeleton (7 damage)
                  | ... led by a necromancer
  3801 | Abyss:1  | Noticed a necromancer
  3804 | Abyss:1  | Reached skill level 8 in Axes
  3804 | Abyss:1  | HP: 1/69 [harpy skeleton[a necromancer] (7)]
  3804 | Abyss:1  | Slain by a harpy skeleton (2 damage)
                  | ... led by a necromancer
  3806 | D:5      | Escaped the Abyss
  3821 | D:5      | Killed Sigmund
  4530 | D:6      | HP: 1/69 [yak (10)]
  4530 | D:6      | Mangled by a yak (10 damage)
  4533 | D:6      | Reached skill level 5 in Stealth
  4537 | D:6      | Slain by a yak (12 damage)
  4544 | D:6      | Reached skill level 9 in Axes
  4550 | D:6      | Reached XP level 10. HP: 44/77 MP: 10/10
  4661 | D:6      | Found a burning altar of Makhleb.
  4774 | D:6      | Found a broken altar of Ashenzari.
  5127 | D:7      | Noticed a gargoyle
  5133 | D:7      | Killed a gargoyle
  5641 | D:7      | Found a hide-covered altar of Uskayaw.
  5655 | D:7      | Reached skill level 10 in Axes
  6470 | D:7      | Found a shimmering blue altar of Sif Muna.
  6963 | D:8      | Found a transporter.
  6983 | D:8      | Noticed a komodo dragon
  7002 | D:8      | Mangled by a komodo dragon (26 damage)
  7011 | D:8      | Killed a komodo dragon
  7049 | D:8      | Identified the ring of Eternal Night {rElec rCorr Str+3
                  | Int+6}
  7090 | D:8      | Reached skill level 1 in Maces & Flails
  7410 | D:8      | Found a staircase to the Lair.
  7739 | D:8      | Found a glowing silver altar of Zin.
  7935 | D:8      | Found a transporter.
  7939 | D:8      | Noticed beavisfan's ghost (novice DsSh)
  8129 | D:8      | Identified the staff "Jellybane" {rElec rC- Str+6 Stlth+
                  | Air Poison}
  8186 | D:8      | Succumbed to a gnoll sergeant's poison
  8189 | D:8      | Succumbed to a gnoll sergeant's poison
  8194 | D:8      | HP: 2/79 [poisoned by a gnoll sergeant]
  8194 | D:8      | Slain by a gnoll sergeant
                  | ... wielding a +4 spear of venom
                  | (7 damage)
  8200 | D:8      | HP: 3/79 [poisoned by a gnoll sergeant]
  8200 | D:8      | Slain by beavisfan's ghost (7 damage)
  8204 | D:8      | Reached XP level 11. HP: 46/84 MP: 11/11
  8207 | D:8      | Killed beavisfan's ghost
  8208 | D:8      | Reached skill level 11 in Axes
  8957 | D:9      | Noticed a two-headed ogre
  8964 | D:9      | Killed a two-headed ogre
  9440 | D:9      | Found a staircase to the Orcish Mines.
 10223 | D:9      | Found Ycerah's Armour Emporium.
 10232 | D:9      | Bought a +0 plate armour for 253 gold pieces
 10368 | D:10     | Entered Level 10 of the Dungeon
 10368 | D:10     | Found an ancient bone altar of Kikubaaqudgha.
 11256 | D:11     | Reached skill level 12 in Axes
 11333 | Orc:1    | Entered Level 1 of the Orcish Mines
 11333 | Orc:1    | Noticed an orc knight
 11341 | Orc:1    | Reached XP level 12. HP: 85/94 MP: 12/12
 11359 | Orc:1    | Killed from afar by an orc sorcerer (32 damage)
                  | ... with a bolt of negative energy
 11361 | Orc:1    | Noticed a sixfirhy
 11364 | Orc:1    | Noticed a sun demon
 11371 | Orc:1    | Mangled by a sun demon (18 damage)
                  | ... summoned by an orc sorcerer
 11686 | Orc:1    | Noticed Urug
 11703 | Orc:1    | Slain by a troll (11 damage)
 11707 | Orc:1    | HP: 4/94 [Urug/+2 demon trident of venom (22)]
 11708 | Orc:1    | HP: 1/94 [poisoned by Urug]
 11708 | Orc:1    | Slain by a warg (1 damage)
 11711 | Orc:1    | Slain by Urug
                  | ... wielding a +2 demon trident of venom
                  | (30 damage)
 11719 | Orc:1    | HP: 1/94 [orc warrior/+0 halberd (12)]
 11720 | Orc:1    | Succumbed to Urug's poison
 11728 | Orc:1    | HP: 3/94 [poisoned by Urug]
 11729 | Orc:1    | HP: 1/94 [Urug/+2 demon trident of venom (1)]
 11730 | Orc:1    | Succumbed to Urug's poison
 11731 | Orc:1    | Killed Urug
 12184 | Orc:1    | You fall into a shaft and drop 1 floor!
 12184 | Orc:2    | Entered Level 2 of the Orcish Mines
 12233 | Orc:2    | Found Fibah's Magic Scroll Shop.
 12241 | Orc:2    | Bought a scroll of enchant weapon for 90 gold pieces
 12241 | Orc:2    | Bought a scroll of acquirement for 624 gold pieces
 12241 | Orc:2    | Bought a scroll of brand weapon for 114 gold pieces
 12246 | Orc:2    | Acquired 1195 gold pieces
 12349 | Orc:2    | Noticed a two-headed ogre
 12359 | Orc:2    | Killed a two-headed ogre
 12359 | Orc:2    | Slain by an ice devil (7 damage)
                  | ... summoned by an orc sorcerer
 12360 | Orc:2    | Reached skill level 13 in Axes
 12430 | Orc:2    | Found Eluon's Jewellery Shoppe.
 12454 | Orc:2    | Noticed an orc high priest
 12454 | Orc:2    | Noticed an orc high priest
 12455 | Orc:2    | Killed by divine providence
                  | ... invoked by an orc high priest
                  | (12 damage)
 12457 | Orc:2    | Noticed a sun demon
 12460 | Orc:2    | Noticed a sixfirhy
 12461 | Orc:2    | Killed from afar by an orc sorcerer (34 damage)
                  | ... with a bolt of negative energy
 12464 | Orc:2    | Noticed an orc high priest
 12466 | Orc:2    | Slain by an orc high priest
                  | ... wielding a +0 glaive
                  | (14 damage)
 12470 | Orc:2    | Killed an orc high priest
 12472 | Orc:2    | Reached XP level 13. HP: 29/101 MP: 13/13
 12472 | Orc:2    | HP: 3/101 [orc knight/+2 halberd (27)]
 12472 | Orc:2    | Slain by an orc high priest
                  | ... wielding a +0 long sword
                  | (6 damage)
 12481 | Orc:2    | HP: 4/101 [soul eater[an orc high priest] (11)]
 12481 | Orc:2    | Annihilated by an orc knight
                  | ... wielding a +0 great sword
                  | (28 damage)
 12486 | Orc:2    | Reached skill level 10 in Armour
 12486 | Orc:2    | Reached skill level 10 in Shields
 12493 | Orc:2    | Found Byanebep's Magic Scroll Boutique.
 12499 | Orc:2    | HP: 4/102 [orc knight/+0 glaive (6)]
 12916 | Orc:2    | Found Jefellyrae's Book Boutique.
 12923 | Orc:2    | Bought a +6 ring of strength for 432 gold pieces
 12930 | Orc:2    | Found Zumuimm's Distillery.
 13053 | Orc:2    | Found a staircase to the Elven Halls.
 13130 | Orc:2    | Reached skill level 14 in Axes
 13465 | Lair:1   | Entered Level 1 of the Lair of Beasts
 13536 | Lair:1   | Reached skill level 1 in Earth Magic
 13802 | Lair:1   | Reached skill level 1 in Spellcasting
 13846 | Lair:1   | Reached skill level 5 in Maces & Flails
 13846 | Lair:1   | Reached skill level 1 in Shapeshifting
 13969 | Lair:1   | Noticed Amaemon
 13999 | Lair:1   | Killed Amaemon
 14000 | Lair:1   | Reached skill level 10 in Fighting
 14423 | Lair:2   | Slain by a death yak

Illustrated notes

Levels and vault maps discovered:
D:1:      psy_arrival_dodecagon, layout_basic
D:2:      layout_loops_ring, uniq_terence
D:3:      layout_loops_ring, nicolae_qazlal_scattered_showers, serial_shops,
          shop, minmay_stone_trees_medium, kennysheep_generic_room_9
D:4:      layout_loops_corners, cheibriados_altar_1, serial_bayou_lake_a,
          uniq_pikel
D:5:      layout_basic, minmay_temple_entry_trees, uniq_sigmund
D:6:      layout_basic, mainiacjoe_overflow_alcove_2,
          nicolae_overflow_crystal_walls
D:7:      layout_loops_ring, nicolae_uskayaw_dance_studio, lemuel_crystal_altar,
          roderic_lattice_a, minivault_25, minmay_increasing_density
D:8:      layout_loops_ring, mainiacjoe_overflow_tiny_flanked,
          grunt_lair_entry_orc_guard_hut, gammafunk_ghost_gnarly_gnolls
D:9:      layout_roguey, orc_0_dummy, serial_shops,
          nicolae_shop_just_a_little_nook, enter_bailey_8,
          nicolae_concentric_dashed_squares_mild, grunt_ministairs_9
D:10:     layout_rooms, mainiacjoe_overflow_alcove_4, minmay_fountain_box
D:11:     layout_cave_pools, fedhas_altar_2, uniq_erica
Temple:   eino_temple_water
Lair:1:   layout_roguey, infiniplex_staircase_pool, uniq_amaemon
Lair:2:   layout_chaotic_city, minmay_shoals_entry_beasts, wad_woods_06,
          nicolae_lair_run_with_the_wolves
Orc:1:    layout_caves, uniq_urug
Orc:2:    st_orc_elflike, layout_caves, serial_shops, shop, mines4_lemuel

Skill      XL: |  1  2  3  4  5  6  7  8  9 10 11 12 13 |
---------------+----------------------------------------+-----
Axes           | 3 4 5 7 9 10 12 13 14 | 14.6
Stealth        | 1 3 4 5 6 7 8 9 |  9.4
Armour         | 4 5 6 7 8 9 10 | 10.6
Fighting       | 4 5 6 7 8 9 10 | 10.2
Shields        | 5 6 7 8 9 10 | 10.5
Maces & Flails | 1 3 4 5 |  5.4
Earth Magic    | 3 |  3.4
Spellcasting   | 2 |  2.0
Shapeshifting  | 1 |  1.8

Action                     |  1- 3 |  4- 6 |  7- 9 | 10-12 | 13-15 || total
---------------------------+-------+-------+-------+-------+-------++-------
  Melee: War axe           |    83 |    73 |       |       |       ||   156
         Battleaxe         |       |    92 |   121 |   529 |   191 ||   933
         Dire flail        |       |       |       |     2 |       ||     2
 Invoke: Call Merchant     |       |       |       |     1 |       ||     1
Ability: Dig               |       |       |       |     6 |       ||     6
    Use: Scroll            |       |     9 |       |    11 |    10 ||    30
   Stab: Sleeping          |       |       |     1 |       |       ||     1
         Distracted        |       |       |       |     3 |       ||     3
 Armour: Scale mail        |    56 |   173 |       |       |       ||   229
         Acid dragon scale |       |     8 |   152 |    13 |       ||   173
         Chain mail        |       |       |       |   274 |       ||   274
         Plate armour      |       |       |       |   262 |   152 ||   414
  Dodge: Dodged            |    65 |   107 |    60 |   162 |    45 ||   439
  Block: Buckler           |    30 |    54 |    40 |    67 |       ||   191
         Kite shield       |       |       |       |   259 |   113 ||   372
         Reflection        |       |       |       |     8 |       ||     8

Table legend: (Time is in decaauts)
 A = Elapsed time spent in this place.
 B = Non-inter-level travel time spent in this place.
 C = Inter-level travel time spent in this place.
 D = Time resting spent in this place.
 E = Time spent auto-exploring this place.
 F = Levels seen in this place.
 G = Mean time per level.
                   A        B        C        D        E       F      G
               +--------+--------+--------+--------+--------+-----+--------+
         Total |  14727 |  14264 |    463 |   2387 |   8960 |  17 |  866.3 |
       Dungeon |  11522 |  11108 |    414 |   1582 |   7560 |  11 | 1047.5 |
        Temple |     75 |     60 |     15 |      0 |      0 |   1 |   75.0 |
          Lair |    966 |    959 |      7 |      0 |    640 |   2 |  483.0 |
  Orcish Mines |   2096 |   2069 |     27 |    798 |    760 |   2 | 1048.0 |
         Abyss |     65 |     65 |      0 |      7 |      0 |   1 |   65.0 |
               +--------+--------+--------+--------+--------+-----+--------+

Top non-repeatable levels by time:
     D:9: 1901 daAuts
     D:8: 1814 daAuts
     D:7: 1694 daAuts
   Orc:2: 1223 daAuts
     D:4: 1218 daAuts
     D:1: 966 daAuts
  Lair:1: 897 daAuts
   Orc:1: 873 daAuts
     D:6: 869 daAuts
    D:10: 849 daAuts
     D:5: 744 daAuts
     D:3: 737 daAuts
     D:2: 626 daAuts
    D:11: 98 daAuts
  Temple: 75 daAuts
